 Dungeon Crawl Stone Soup version 0.15-a0-1174-g8389a64 (webtiles) character file.

172 PolkaDot the Vexing (level 5, -8/35 HPs)
             Began as a Vampire Enchanter on May 31, 2014.
             Was an Initiate of Ashenzari.
             Mangled by Menkaure (18 damage)
             ... on Level 4 of the Dungeon.
             The game lasted 00:14:56 (3567 turns).

PolkaDot the Vexing (Vampire Enchanter)             Turns: 3567, Time: 00:14:56

HP  -8/35        AC  3     Str 12      XL: 5   Next: 27%
MP   4/9         EV 12     Int 17      God: Ashenzari [......]
Gold 148         SH  0     Dex 15      Spells:  4 memorised,  1 level left

rFire  . . .     SeeInvis +     a - +1 dagger
rCold  + + .     Clarity  .     b - +1 robe
rNeg   + + +     rCorr    .     (no shield)
rPois  +         rRot     +     (no helmet)
rElec  .         Spirit   .     (no cloak)
SustAb .         Warding  +     (no gloves)
rMut   .         Stasis   .     (no boots)
Gourm  .                        l - amulet of warding
MR     .....                    (no ring)
                                (no ring)

@: mighty, regenerating slowly, not resistant to hostile enchantments, stealthy
A: fangs 3, see invisible, unbreathing
a: Bat Form, Renounce Religion


You were on level 4 of the Dungeon.
You worshipped Ashenzari.
Ashenzari was noncommittal.
You were near bloodless.

You visited 1 branch of the dungeon, and saw 4 of its levels.
You also visited: Sewer.

You collected 148 gold pieces.

Inventory:

Hand weapons
 a - a +1,+1 dagger (weapon)
Armour
 b - a +1 robe (worn)
Scrolls
 d - 3 scrolls of curse armour
 e - a scroll of teleportation
 f - a scroll of identify {unknown}
 g - a scroll of blinking {unknown}
 m - a scroll of fear {unknown}
 n - a scroll of noise {unknown}
Jewellery
 l - an amulet of warding (around neck)
Potions
 h - a potion of confusion {!q}
 i - 2 potions of might
 j - a potion of invisibility {unknown}
 k - a potion of curing
 o - a potion of agility
 p - a potion of magic {unknown}
 q - a potion of brilliance {unknown}
Books
 c - a book of Maledictions

   Spells                             Type                      Level
   *Corona                            Hexes                        1
   *Sure Blade                        Hexes/Charms                 2
   *Ensorcelled Hibernation           Hexes/Ice                    2
   *Confuse                           Hexes                        3
   Dazzling Spray                     Conjuration/Hexes            3
   Enslavement                        Hexes                        4


   Skills:
 - Level 2.1 Short Blades
 - Level 2.1 Dodging
 + Level 5.6 Stealth
 - Level 2.7 Spellcasting
 * Level 6.7 Hexes
 + Level 0.8 Ice Magic


You had one spell level left.
You knew the following spells:

 Your Spells              Type           Power        Failure   Level  Hunger
a - Corona                Hex            ####...      1%          1    #......
b - Sure Blade            Hex/Chrm       ##........   10%         2    ##.....
c - Confuse               Hex            ####....     4%          3    ###....
d - Ensorcelled Hibernat  Hex/Ice        ###...       10%         2    ##.....


Dungeon Overview and Level Annotations

Branches:
Dungeon (4/15)
 Temple: D:4-7

Altars:
Ashenzari
Dithmenos
Sif Muna
Xom

Annotations:
D:3 HungrySpirit's ghost, average FoAE
D:4 Menkaure


Innate Abilities, Weirdness & Mutations

You heal slowly.
You have razor-sharp teeth.*
You have supernaturally acute eyesight.
You can survive without breathing.*


Message History

You barely miss Menkaure. You hit Menkaure.
Menkaure is lightly damaged.
You barely miss Menkaure. You bite Menkaure.
Menkaure is moderately damaged.
Menkaure hits you!!
Ouch! That really hurt!
* * * LOW HITPOINT WARNING * * *
You hit Menkaure.
Menkaure is moderately damaged.
Drink which item? (? for menu, Esc to quit)
You feel very mighty all of a sudden.
It was a potion of might.
Drink which item? (? for menu, Esc to quit)
You are confused.
It was a potion of confusion.
Drink which item? (? for menu, Esc to quit)
You feel better.
It was a potion of curing.
Menkaure hits you!!
Ouch! That really hurt!
You die...

..# ##.#
#... #..#
#..# #..#
#..# #..#
#.@### ###
#M...#
......####.+
........<..#
#####.####.#
#.# #.# #.#
#.#


You could see Menkaure (confused).

Vanquished Creatures
  8 adders
  2 worms (D:2)
  4 giant geckos
  An orc (D:3)
  20 ball pythons
  8 bats
  A giant cockroach (D:3)
  12 hobgoblins
  4 jackals (D:3)
  5 giant newts
  8 goblins
  7 kobolds
  A quokka (D:3)
  3 rats (D:1)
  2 plants (D:1)
86 creatures vanquished.

Notes
Turn   | Place    | Note
--------------------------------------------------------------
     0 | D:1      | PolkaDot, the Vampire Enchanter, began the quest for the Orb.
     0 | D:1      | Reached XP level 1. HP: 13/13 MP: 3/3
   274 | D:1      | Reached XP level 2. HP: 17/19 MP: 2/4
   353 | D:1      | Learned a level 2 spell: Ensorcelled Hibernation
   356 | D:1      | Learned a level 2 spell: Sure Blade
   909 | D:1      | Reached skill level 5 in Hexes
  1539 | D:2      | Reached XP level 3. HP: 24/24 MP: 6/6
  2002 | D:2      | Reached skill level 5 in Stealth
  2002 | D:2      | Reached XP level 4. HP: 28/30 MP: 0/8
  2229 | D:2      | Reached skill level 6 in Hexes
  2335 | D:3      | Found a glowing drain.
  2345 | D:3      | Noticed HungrySpirit's ghost (average FoAE)
  2497 | Sewer    | Entered a sewer
  2792 | Sewer    | Reached XP level 5. HP: 31/35 MP: 2/9
  2957 | D:3      | Learned a level 3 spell: Confuse
  3169 | D:3      | Found a shadowy altar of Dithmenos.
  3169 | D:3      | Found a shattered altar of Ashenzari.
  3170 | D:3      | Found a deep blue altar of Sif Muna.
  3177 | D:3      | Became a worshipper of Ashenzari the Shackled
  3289 | D:3      | Found a shimmering altar of Xom.
  3556 | D:4      | Noticed Menkaure
  3563 | D:4      | HP: 1/35 [Menkaure (23)]
  3567 | D:4      | Mangled by Menkaure

Action                   |  1- 3 |  4- 6 || total
-------------------------+-------+-------++-------
Melee: Dagger            |   346 |    75 ||   421
 Cast: Corona            |    13 |     4 ||    17
       Ensorcelled Hiber |    19 |    26 ||    45
       Confuse           |       |     8 ||     8
  Use: Potion            |     1 |     3 ||     4
       Scroll            |       |     2 ||     2
 Stab: Sleeping          |    20 |    22 ||    42
       Distracted        |       |     1 ||     1
